 Dungeon Crawl Stone Soup version 0.23.0-3-gf3c87f2df8 (webtiles) character file.

Game seed: 13341270549165329790

172 PentaManta the Skirmisher (level 5, 0/44 HPs)
             Began as a Barachi Berserker on Feb 20, 2019.
             Was a Believer of Trog.
             Killed by divine providence
             ... invoked by an orc priest
              (14 damage)
             ... on level 3 of the Dungeon.
             The game lasted 00:14:01 (2316 turns).

PentaManta the Skirmisher (Barachi Berserker)       Turns: 2316, Time: 00:14:01

Health: 0/44       AC:  2    Str: 20    XL:     5   Next: 52%
Magic:  5/5        EV: 28    Int:  7    God:    Trog [**....]
Gold:   133        SH:  0    Dex: 11    Spells: 4/4 levels left

rFire    . . .     SeeInvis .   a - +0 falchion
rCold    . . .     Gourm    .   (no shield)
rNeg     . . .     Faith    .   b - +0 animal skin
rPois    .         Spirit   .   (no helmet)
rElec    .         Reflect  .   (no cloak)
rCorr    .         Harm     .   (no gloves)
MR       .....                  (no boots)
Stlth    +.........             f - amulet of the acrobat
HPRegen  0.14/turn              (no ring)
MPRegen  0.09/turn              (no ring)

@: lethally poisoned (0 -> -1), acrobat, slow
A: +LOS, swims, slowness 1, strong legs 1
a: Hop, Berserk, Trog's Hand, Renounce Religion


You were on level 3 of the Dungeon.
You worshipped Trog.
Trog was pleased with you.
You were not hungry.

You visited 1 branch of the dungeon, and saw 3 of its levels.

You collected 133 gold pieces.

Inventory:

Hand Weapons
 a - a +0 falchion (weapon)
Armour
 b - a +0 animal skin (worn)
 j - a +0 ring mail
Jewellery
 f - an amulet of the acrobat (around neck)
 k - an uncursed ring of magical power
Wands
 m - a wand of flame (23)
Scrolls
 d - a scroll of remove curse
Potions
 e - a potion of haste {unknown}
 h - a potion of curing {unknown}
 i - 2 potions of lignification {unknown}
 l - a potion of ambrosia {unknown}
Comestibles
 c - 7 rations
 g - 3 chunks of flesh


   Skills:
 + Level 5.4 Fighting
 + Level 5.3 Long Blades
 - Level 2.4 Armour
 * Level 3.2 Dodging


You had 4 spell levels left.
You didn't know any spells.
Your spell library was empty.

Dungeon Overview and Level Annotations

Branches:
Dungeon (3/15)

Altars:
Elyvilon
Ru
Sif Muna
Trog
Yredelemnul
The Shining One


Innate Abilities, Weirdness & Mutations

Shadows flee at your approach. (+LOS)
You can swim through water.
You cover ground slowly.
You can hop short distances.


Message History

An orc priest comes into view. It is wielding a +0 flail.
Found 13 gold pieces.
Found an escape hatch in the floor. 2 orcs come into view.
The orc priest shouts!
The orc shouts!
You hear a shout!
The orc priest invokes the aid of Beogh against you.
Beogh smites you!
An orc comes into view. It is wielding a -2 short sword.
The orc moves out of view.
An orc comes into view. It is wielding a +0 flail.
Press: ? - help, v - describe, . - travel, g - get item A glowing gold wand.
The floor.
You see here a wand of flame (23).
m - a wand of flame (23)
You feel sick.
The orc priest invokes the aid of Beogh against you.
Beogh smites you!
The orc priest calls down the wrath of Beogh upon you.
Beogh smites you!
You die...

#..#
##.#######.###..
##.#
#.....#......r
#.## ##...†....#
#..# ##.###..###
##.###..# ##.##
. ####.#...##
#r.# ...
####......###
#..##o....
#....##.###
###.oor.oo..
..#####.#
#.@.###..... ###
#.# #.### ....
#.# #. ... ###
#. .. #. . .. ..
.. ...


You could see an orc priest, 4 orcs and 2 rats.

Vanquished Creatures
  An orc wizard (D:3)
  A gnoll (D:1)
  7 adders
  A dart slug (D:1)
  2 leopard geckos
  7 orcs (D:3)
  3 giant cockroaches
  10 goblins
  7 hobgoblins
  4 kobolds
  7 bats
  5 frilled lizards
  8 rats
63 creatures vanquished.

Notes
Turn   | Place    | Note
-------+----------+-------------------------------------------
     0 | D:1      | PentaManta the Barachi Berserker began the quest for the
                  | Orb.
     0 | D:1      | Reached XP level 1. HP: 18/18 MP: 1/1
   215 | D:1      | Reached XP level 2. HP: 15/25 MP: 2/2
   816 | D:1      | Reached XP level 3. HP: 30/31 MP: 3/3
  1261 | D:2      | Reached ** piety under Trog
  1261 | D:2      | Reached XP level 4. HP: 38/38 MP: 4/4
  1427 | D:2      | Reached skill level 5 in Fighting
  1513 | D:2      | Reached skill level 5 in Long Blades
  1853 | D:3      | Found a sacrificial altar of Ru.
  1853 | D:3      | Found a deep blue altar of Sif Muna.
  1853 | D:3      | Found a white marble altar of Elyvilon.
  1970 | D:3      | Reached XP level 5. HP: 44/44 MP: 5/5
  2082 | D:3      | Found a glowing golden altar of the Shining One.
  2083 | D:3      | Found a bloodstained altar of Trog.
  2283 | D:3      | Found a basalt altar of Yredelemnul.
  2316 | D:3      | Killed from afar by an orc priest

Skill      XL: |  1  2  3  4  5 |
---------------+----------------+-----
Fighting       | 4 5 |  5.4
Long Blades    | 4 5 |  5.3
Dodging        | 3 |  3.2
Armour         | |  2.4

Action                   |  1- 3 |  4- 6 || total
-------------------------+-------+-------++-------
Melee: Falchion          |    83 |    92 ||   175
Invok: Berserk           |     2 |     4 ||     6
 Abil: Hop               |     1 |       ||     1
  Use: Scroll            |     2 |     3 ||     5
 Stab: Sleeping          |     2 |     2 ||     4
  Eat: Chunk             |     3 |     8 ||    11
Armor: Animal skin       |    17 |     7 ||    24
Dodge: Dodged            |    50 |    73 ||   123
       Rpst.: Falchion   |    19 |    32 ||    51
